 Dungeon Crawl Stone Soup version 0.32-a0-540-g866d13106e (webtiles) character file.

Game seed: 9153930156314669723

63367 retardedninja the Cleaver (level 14, 0/129 HPs)
             Began as a Mountain Dwarf Fighter on Feb 28, 2024.
             Was the Champion of Cheibriados.
             Slain by a molten gargoyle
             ... wielding a +0 mace
              (7 damage)
             ... in a volcano.
             The game lasted 00:37:43 (15143 turns).

retardedninja the Cleaver (Mountain Dwarf Fighter) Turns: 15143, Time: 00:37:44

Health: 0/129      AC: 25    Str: 39    XL:     14   Next: 67%
Magic:  42/42      EV:  8    Int: 29    God:    Cheibriados [******]
Gold:   774        SH: 13    Dex: 24    Spells: 23/26 levels left

rFire   . . .        a - +1 war axe (venom)
rCold   . . .        I - +0 kite shield
rNeg    . . .        f - +2 plate armour
rPois   .            B - +3 hat of Pondering {ponderous, Will+ MP+10 Int+5}
rElec   .            (no cloak)
rCorr   .            (no gloves)
SInv    .            y - +0 pair of boots
Will    ++...        k - amulet of regeneration Stlth
                     b - +4 ring of protection
HPRegen 1.21/turn    L - ring of magical power
MPRegen 0.28/turn

%: no passive effects
@: mighty, about to teleport, studying Ranged Weapons, very slow
A: runic magic, artefact enchanting, mutation resistance 1, sense surroundings 1
a: Renounce Religion, Bend Time, Temporal Distortion, Slouch, Step From Time


You were in a volcano.
You worshipped Cheibriados.
Cheibriados was exalted by your worship.
You visited 3 branches of the dungeon, and saw 16 of its levels.
You also visited: Bailey and Volcano.

You collected 774 gold pieces.

Inventory:

Hand Weapons
 a - a +1 war axe of venom (weapon)
 l - the +6 arbalest "Damnation" {damnation}
   (You found it on level 4 of the Dungeon)
Missiles
 p - 6 javelins (quivered)
 O - 5 throwing nets
Armour
 f - a +2 plate armour (worn)
 v - the -1 pair of gloves of Qawoc {rF+ Str-3 Int+3 Dex+4}
   (You found it on level 3 of the Dungeon)

   Str-3:     It affects your strength (-3).
   Int+3:     It affects your intelligence (+3).
   Dex+4:     It affects your dexterity (+4).
   rF+:       It protects you from fire.
 y - a +0 pair of boots (worn)
 B - the +3 hat of Pondering (worn) {ponderous, Will+ MP+10 Int+5}
   (You took it off Gastronok on level 1 of the Lair of Beasts)

   Int+5:     It affects your intelligence (+5).
   Will+:     It increases your willpower.
   MP+10:     It affects your magic capacity (+10).
 I - a +0 kite shield (worn)
Jewellery
 b - a +4 ring of protection (left hand)
 k - an amulet of regeneration (around neck)
 r - a ring of resist corrosion
 G - a ring of resist corrosion
 L - a ring of magical power (right hand)
 N - a +6 ring of strength
Talismans
 o - a serpent talisman
 C - a maw talisman
Wands
 h - a wand of paralysis (23)
 i - a wand of digging (8)
 j - a wand of flame (17)
 m - a wand of polymorph (8)
 D - a wand of mindburst (4)
Scrolls
 c - 2 scrolls of teleportation
 e - 2 scrolls of vulnerability
 g - a scroll of noise
 q - a scroll of amnesia
 u - a scroll of enchant weapon
 x - a scroll of revelation
 z - a scroll of fog
 F - 2 scrolls of immolation
 H - 3 scrolls of poison
 P - a scroll of fear
 Q - 3 scrolls of identify
Potions
 d - 5 potions of might
 s - a potion of degeneration
 t - 6 potions of resistance
 w - 3 potions of attraction
 A - 7 potions of brilliance
 E - 6 potions of ambrosia
 J - a potion of magic
 K - 2 potions of mutation
 M - 3 potions of curing
 R - a potion of cancellation


   Skills:
 * Level 13.3 Fighting
 * Level 14.3 Axes
 + Level 12.0 Armour
 - Level 10.2 Shields
 * Level 6.6 Spellcasting
 * Level 8.6 Conjurations
 - Level 6.2 Invocations


You had 23 spell levels left.
You knew the following spells:

 Your Spells              Type           Power      Damage    Failure   Level
a - Stone Arrow           Conj/Erth      68%        3d11      5%          3

Your spell library contained the following spells:

 Spells                   Type           Power      Damage    Failure   Level
 Kiss of Death            Conj/Necr      100%       2d13      1%          1
 Magic Dart               Conj           100%       1d8       1%          1
 Sandblast                Erth           18%        2d7       11%         1
 Slow                     Hex            36%        N/A       11%         1
 Summon Small Mammal      Summ           36%        N/A       11%         1
 Blink                    Tloc           18%        N/A       17%         2
 Call Imp                 Summ           18%        N/A       17%         2
 Lesser Beckoning         Tloc           18%        N/A       17%         2
 Brom's Barrelling Bould  Conj/Erth      34%        2d5       19%         4
 Fulminant Prism          Conj/Alch      17%        3d10      19%         4
 Iskenderun's Mystic Bla  Conj/Tloc      34%        2d8       19%         4
 Call Canine Familiar     Summ           9%         N/A       32%         3
 Confusing Touch          Hex            9%         N/A       32%         3
 Gell's Gravitas          Tloc           9%         N/A       32%         3
 Passwall                 Erth           9%         N/A       32%         3
 Sigil of Binding         Hex            9%         N/A       32%         3
 Teleport Other           Tloc           9%         N/A       32%         3
 Vampiric Draining        Necr           9%         2d6       32%         3
 Volatile Blastmotes      Fire/Tloc      18%        2d11      32%         3
 Dispel Undead            Necr           9%         3d8       73%         4
 Summon Blazeheart Golem  Fire/Summ      9%         N/A       73%         4


Dungeon Overview and Level Annotations

Branches:
Dungeon (10/15)            Temple (1/1) D:6            Lair (5/5) D:10
 Shoals (0/4) Lair:2        Snake (0/4) Lair:3        Slime (0/5) Lair:4
 Bailey (visited)         Volcano (1/1)
    Orc: D:9-12

Altars:
Ashenzari
Cheibriados
Dithmenos
Elyvilon
Fedhas
Gozag
Hepliaklqana
Kikubaaqudgha
Makhleb
Nemelex Xobeh
Okawaru
Qazlal
Ru
Sif Muna
Trog
Uskayaw
Vehumet
Wu Jian
Xom
Yredelemnul
Zin
The Shining One
Jiyva

Shops:
D:9 =

Annotations:
Lair:3 3 runed translucent doors, zenocrate's ghost, journeyman DrWr
Lair:4 3 runed translucent doors, Bikan's ghost, journeyman CoFi


Innate Abilities, Weirdness & Mutations

Your spellcasting is much less encumbered by armour.
You can use scrolls of enchantment on lesser artefacts.
You are somewhat resistant to further mutation.
You passively map a small area around you.


Message History

The molten gargoyle is moderately damaged.
You closely miss the steam dragon.
You are engulfed in a cloud of scalding steam.
The molten gargoyle barely misses you.
The steam dragon bites you but does no damage.
The steam dragon claws you but does no damage.
You closely miss the molten gargoyle.
The molten gargoyle is moderately damaged.
You slice the steam dragon!!
You are engulfed in a cloud of scalding steam.
The molten gargoyle hits you with a +0 mace.
You are engulfed in flames!
The steam dragon bites you but does no damage.
The steam dragon claws you but does no damage.
You bump into the stone wall.
You are engulfed in a cloud of scalding steam.
The molten gargoyle blasts magma at you!
The bolt of magma hits you!!
* * * LOW HITPOINT WARNING * * *
The steam dragon bites you.
* * * LOW HITPOINT WARNING * * *
The steam dragon claws you but does no damage.
You are engulfed in a cloud of scalding steam.
You feel less invigorated.
You feel less confused. You block the molten gargoyle's attack.
The steam dragon breathes steam at you.
The ball of steam hits you but does no damage.
You block the steam dragon's attack. The steam dragon closely misses you.
The molten gargoyle blasts magma at you!
The bolt of magma hits you!!
* * * LOW HITPOINT WARNING * * *
Unknown command.
As you read the scroll of teleportation, it crumbles to dust.
You feel strangely unstable.
The molten gargoyle hits you with a +0 mace!
* * * LOW HITPOINT WARNING * * *
You are engulfed in flames!
You die...
Cheibriados appreciates the motionlessness of death.

##### #...#
#######ß_ß######
#...'.D@§§..'...
#...###†9§###..
. ,###'### ,
#.....# *
#..∩..# ,
#.....# ##...##
** * * ##'## #.#


You could see a molten gargoyle and a steam dragon.

Vanquished Creatures
  Rupert (Lair:3)
  Gastronok (Lair:1)
  Josephine (Lair:4)
  Erolcha (D:10)
  Harold (Lair:1)
  2 hydras
  2 two-headed ogres (D:8)
  A centaur warrior (D:10)
  A boulder beetle (Lair:4)
  3 death yaks (Lair:4)
  A skyshark (Lair:3)
  A lindwurm (Volcano)
  An orc knight (Bailey)
  7 black mambas
  A molten gargoyle (Volcano)
  Joseph (Lair:1)
  10 cane toads
  A kobold demonologist (D:10)
  5 komodo dragons
  2 rime drakes (Lair:2)
  3 trolls
  A queen bee (Lair:1)
  A hornet (Lair:3)
  A polar bear (Lair:5)
  16 blink frogs
  A snapping turtle (Lair:2)
  6 dream sheep (Lair:4)
  A water elemental (Lair:4)
  5 wraiths
  44 yaks
  7 wyverns
  Grum (D:8)
  A basilisk (Lair:4)
  4 fire bats (Volcano)
  6 steam dragons
  3 nagas (Lair:3)
  A vampire mosquito (D:8)
  6 water moccasins
  2 hell hounds (Volcano)
  2 sky beasts
  5 orc warriors
  2 ice beasts (D:5)
  6 black bears
  An ogre (D:7)
  18 wolves
  4 centaurs
  2 phantoms (D:6)
  2 kobold brigands
  11 bullfrogs
  4 gnoll sergeants
  2 scorpions (D:10)
  11 wights
  25 killer bees
  4 electric eels (Lair:2)
  3 howler monkeys
  3 lava snakes
  A bombardier beetle (D:3)
  15 jellies
  7 orc priests
  A hound (D:5)
  A sleepcap (D:5)
  Jessica (D:2)
  Ijyb (D:3)
  2 iguanas
  11 orc wizards
  19 gnolls
  7 adders
  2 white imps
  4 dart slugs
  A ribbon worm (D:2)
  30 orcs
  6 ball pythons
  8 endoplasms
  3 giant cockroaches
  4 hobgoblins
  7 jackals
  4 quokkas
  9 bats
  6 frilled lizards
  21 goblins
  24 kobolds
  4 rats
458 creatures vanquished.

Notes
Turn   | Place    | Note
-------+----------+-------------------------------------------
     0 | D:1      | retardedninja the Mountain Dwarf Fighter began the quest
                  | for the Orb.
     0 | D:1      | Reached XP level 1. HP: 19/19 MP: 1/1
    86 | D:1      | Reached XP level 2. HP: 26/26 MP: 2/2
   433 | D:1      | Reached skill level 3 in Axes
   468 | D:1      | Reached XP level 3. HP: 20/31 MP: 3/3
  1297 | D:2      | Reached XP level 4. HP: 40/40 MP: 4/4
  1476 | D:2      | Noticed Jessica
  1482 | D:2      | Killed Jessica
  1984 | D:3      | Reached XP level 5. HP: 33/46 MP: 5/5
  2110 | D:3      | Found a hazy altar of Hepliaklqana.
  2279 | D:3      | Paralysed by a kobold for 5 turns
  2286 | D:3      | Paralysed by a kobold for 4 turns
  2470 | D:3      | Reached skill level 4 in Axes
  2644 | D:3      | Identified the -1 pair of gloves of Qawoc {rF+ Str-3 Int+3
                  | Dex+4}
  2793 | D:3      | Noticed Ijyb
  2822 | D:3      | Killed Ijyb
  3116 | D:4      | Found the +6 arbalest "Damnation" {damnation}
  3158 | D:4      | Reached XP level 6. HP: 53/53 MP: 6/6
  3548 | D:5      | Entered Level 5 of the Dungeon
  3792 | D:5      | Reached skill level 5 in Armour
  3792 | D:5      | Reached skill level 5 in Shields
  3804 | D:5      | Reached skill level 5 in Fighting
  3951 | D:5      | Noticed an ice beast
  3959 | D:5      | Killed an ice beast
  3960 | D:5      | Reached skill level 5 in Axes
  3960 | D:5      | Reached XP level 7. HP: 61/61 MP: 7/7
  4374 | D:6      | Noticed a wraith
  4409 | D:5      | Killed a wraith
  4410 | D:5      | Reached skill level 6 in Axes
  4410 | D:5      | Reached XP level 8. HP: 66/70 MP: 8/8
  4944 | D:6      | Reached skill level 7 in Axes
  4987 | D:6      | Found a staircase to the Ecumenical Temple.
  5000 | Temple   | Entered the Ecumenical Temple
  5034 | Temple   | Became a worshipper of Cheibriados the Contemplative
  5271 | D:6      | Reached XP level 9. HP: 64/79 MP: 9/9
  5795 | D:7      | Found a flagged portal.
  5811 | Bailey   | Entered a bailey
  5855 | Bailey   | Reached * piety under Cheibriados
  5938 | Bailey   | Noticed an orc knight
  5946 | Bailey   | Killed an orc knight
  5947 | Bailey   | Reached skill level 8 in Axes
  6099 | Bailey   | Gained mutation: You passively map a small area around you.
                  | [potion of mutation]
  6099 | Bailey   | Gained mutation: You are somewhat resistant to further
                  | mutation. [potion of mutation]
  6817 | D:7      | Reached ** piety under Cheibriados
  7208 | D:8      | Reached skill level 9 in Axes
  7208 | D:8      | Reached XP level 10. HP: 90/90 MP: 10/10
  7238 | D:8      | Noticed Grum
  7253 | D:8      | Killed Grum
  7395 | D:8      | Noticed a two-headed ogre
  7406 | D:8      | Killed a two-headed ogre
  7417 | D:8      | Reached *** piety under Cheibriados
  7438 | D:8      | Reached skill level 10 in Axes
  7764 | D:8      | Found a shimmering blue altar of Sif Muna.
  9043 | D:9      | Noticed a two-headed ogre
  9053 | D:8      | Killed a two-headed ogre
  9054 | D:8      | Reached skill level 10 in Fighting
  9054 | D:8      | Reached skill level 10 in Armour
  9054 | D:8      | Reached skill level 10 in Shields
  9054 | D:8      | Reached XP level 11. HP: 85/99 MP: 11/11
  9065 | D:9      | Found Doow's Jewellery Shop.
  9132 | D:9      | Paralysed by a centaur for 4 turns
  9178 | D:9      | Paralysed by a centaur for 5 turns
  9441 | D:9      | Reached **** piety under Cheibriados
 10119 | D:10     | Entered Level 10 of the Dungeon
 10215 | D:10     | Reached skill level 11 in Axes
 10219 | D:10     | Reached skill level 1 in Conjurations
 10221 | D:10     | Reached skill level 1 in Spellcasting
 10227 | D:10     | Reached ***** piety under Cheibriados
 10284 | D:10     | Noticed Erolcha
 10291 | D:10     | Killed Erolcha
 10353 | D:10     | Found a staircase to the Lair.
 10434 | D:10     | Noticed a centaur warrior
 10446 | D:10     | Killed a centaur warrior
 10913 | Lair:1   | Entered Level 1 of the Lair of Beasts
 10956 | Lair:1   | Noticed Joseph
 10973 | Lair:1   | Killed Joseph
 11017 | Lair:1   | Noticed Gastronok
 11034 | Lair:1   | Killed Gastronok
 11246 | Lair:1   | Reached XP level 12. HP: 85/110 MP: 16/16
 11251 | Lair:1   | Reached skill level 12 in Axes
 11344 | Lair:1   | Noticed Harold
 11350 | Lair:1   | Killed Harold
 11378 | Lair:1   | Reached ****** piety under Cheibriados
 12021 | Lair:2   | Learned a level 3 spell: Stone Arrow
 12423 | Lair:2   | Reached skill level 5 in Conjurations
 12897 | Lair:2   | Found a staircase to the Shoals.
 13129 | Lair:3   | Reached skill level 13 in Axes
 13149 | Lair:3   | Reached skill level 5 in Spellcasting
 13287 | Lair:3   | Noticed zenocrate's ghost (journeyman DrWr)
 13472 | Lair:3   | Reached XP level 13. HP: 82/119 MP: 20/20
 13585 | Lair:3   | Found a staircase to the Snake Pit.
 13603 | Lair:3   | Noticed Rupert
 13615 | Lair:3   | Killed Rupert
 13673 | Lair:3   | Reached XP level 14. HP: 124/127 MP: 22/22
 13777 | Lair:3   | Found a runed translucent gate.
 13778 | Lair:3   | Found a runed translucent gate.
 13779 | Lair:3   | Found a runed translucent gate.
 14066 | Lair:4   | Found the necklace of Bloodlust {Fury *Rage Will++ Int-3
                  | Slay+6}
 14066 | Lair:4   | Found a runed translucent gate.
 14066 | Lair:4   | Found a runed translucent gate.
 14066 | Lair:4   | Found a runed translucent gate.
 14077 | Lair:4   | Noticed Josephine
 14081 | Lair:4   | Noticed Bikan's ghost (journeyman CoFi)
 14087 | Lair:4   | Killed Josephine
 14151 | Lair:4   | Found a viscous altar of Jiyva.
 14152 | Lair:4   | Found a staircase to the Slime Pits.
 14444 | Lair:4   | Reached skill level 14 in Axes
 14914 | Lair:5   | Entered Level 5 of the Lair of Beasts
 14982 | Lair:5   | Found a dark tunnel.
 14996 | Volcano  | Entered a volcano
 15118 | Volcano  | Found a bloodstained altar of Trog.
 15143 | Volcano  | Slain by a molten gargoyle

Illustrated notes

Levels and vault maps discovered:
D:1:      sevenhm_arrival_forest_fort_small_6, layout_basic, minmay_distorted
D:2:      layout_basic, uniq_jessica
D:3:      kennysheep_goblin_castle, layout_basic, nzn_hepliaklqana_mist_gate,
          st_stairs_12, chequers_serial_rivers_micro_a, minmay_cupped
D:4:      layout_cave_pools
D:5:      layout_basic, kennysheep_decorative_pillar
D:6:      layout_rooms, minmay_temple_entry_waves, serial_aquarium,
          aquarium_bridge_square [aquarium_subvault_wall,
          aquarium_subvault_bridge, aquarium_subvault_balcony,
          aquarium_subvault_bridge], aquarium_window_1, aquarium_window_2,
          aquarium_window_fake, aquarium_view_4, aquarium_balcony_1a,
          aquarium_pool_1, gup_sewer_entry_glass, roderic_lattice_a,
          grunt_ministairs_7, minmay_manual_moon
D:7:      layout_basic, enter_bailey_5
D:8:      layout_basic, lemuel_tele_altar, uniq_grum
D:9:      layout_rooms, serial_shops, shop, minmay_chambers_of_fives
D:10:     layout_irregular_city, grunt_lair_entry_orc_guard_hut,
          serial_column_ruins, column_ruins_square_huge, column_ruins_grid_5,
          column_ruins_grid_1, column_ruins_grid_1, column_ruins_open_medium,
          column_ruins_columns_straight, column_ruins_open_tiny, uniq_erolcha
Temple:   mainiacjoe_temple_cubbyholes
Lair:1:   layout_roguey [special_room_bee], serial_bayou_shore_b, uniq_joseph,
          uniq_gastronok, uniq_harold
Lair:2:   layout_misc_corridors, minmay_shoals_entry_hut,
          nicolae_lair_liquid_snakes
Lair:3:   layout_small_grid, minmay_snake_entry_guardpost_small,
          gammafunk_ghost_icy, serial_bayou_shore_b, serial_bayou_shore_b,
          lemuel_fruit_tree, uniq_rupert
Lair:4:   layout_long_grid, minmay_slime_entry_jelly_boxes,
          gammafunk_ghost_necromancy, serial_bayou_shore_b,
          serial_bayou_shore_b, uniq_josephine
Lair:5:   minmay_lair_end_enchanted_forest, layout_gridlike, enter_volcano_2,
          grunt_megastairs_1, lemuel_fruit_fields
Volcano:  volcano_grotto [vgs_original]

Skill      XL: |  1  2  3  4  5  6  7  8  9 10 11 12 13 14 |
---------------+-------------------------------------------+-----
Axes           | 3 4 5 6 7 9 10 11 13 14 | 14.3
Armour         | 4 5 6 7 8 10 11 12 | 12.0
Fighting       | 4 5 6 7 8 10 11 12 13 | 13.3
Shields        | 4 5 6 7 8 10 | 10.2
Conjurations   | 3 5 7 8 |  8.6
Spellcasting   | 3 5 6 |  6.6
Invocations    | 6 |  6.2

Action                     |  1- 3 |  4- 6 |  7- 9 | 10-12 | 13-15 || total
---------------------------+-------+-------+-------+-------+-------++-------
  Melee: War axe           |   126 |   188 |   294 |   612 |   210 ||  1430
  Throw: Javelin           |       |       |       |    13 |       ||    13
   Cast: Stone Arrow       |       |       |       |     7 |    12 ||    19
  Evoke: Wand              |       |     2 |     7 |    32 |    22 ||    63
    Use: Potion            |       |     6 |     6 |     3 |     7 ||    22
         Scroll            |       |       |    10 |    10 |     3 ||    23
   Stab: Invisible         |       |       |     3 |     1 |     1 ||     5
 Armour: Scale mail        |    98 |       |       |       |       ||    98
         Chain mail        |     8 |   263 |   397 |    75 |       ||   743
         Plate armour      |       |       |       |   532 |   229 ||   761
  Dodge: Dodged            |    61 |    72 |   141 |   186 |    79 ||   539
  Block: Buckler           |    28 |    47 |   107 |    56 |       ||   238
         Kite shield       |       |       |       |   423 |   204 ||   627

Table legend: (Time is in decaauts)
 A = Elapsed time spent in this place.
 B = Non-inter-level travel time spent in this place.
 C = Inter-level travel time spent in this place.
 D = Time resting spent in this place.
 E = Time spent auto-exploring this place.
 F = Levels seen in this place.
 G = Mean time per level.
                   A        B        C        D        E       F      G
               +--------+--------+--------+--------+--------+-----+--------+
         Total |  19857 |  18997 |    860 |   3025 |  12239 |  18 | 1103.2 |
       Dungeon |  12424 |  11839 |    585 |   2520 |   7077 |  10 | 1242.4 |
        Temple |     72 |      7 |     65 |      0 |      0 |   1 |   72.0 |
          Lair |   6783 |   6574 |    209 |    487 |   4812 |   5 | 1356.6 |
        Bailey |    360 |    360 |      0 |      0 |    249 |   1 |  360.0 |
       Volcano |    217 |    217 |      0 |     18 |    100 |   1 |  217.0 |
               +--------+--------+--------+--------+--------+-----+--------+

Top non-repeatable levels by time:
     D:8: 2139 daAuts
  Lair:3: 1849 daAuts
  Lair:1: 1695 daAuts
     D:7: 1668 daAuts
  Lair:2: 1654 daAuts
  Lair:4: 1454 daAuts
     D:5: 1397 daAuts
    D:10: 1305 daAuts
     D:9: 1205 daAuts
     D:3: 1168 daAuts
     D:2: 1137 daAuts
     D:6: 1067 daAuts
     D:1: 882 daAuts
     D:4: 451 daAuts
  Bailey: 360 daAuts
